 Dungeon Sprint DCSS version 0.29-a0-251-g80730f7218 (webtiles) character file.

Game seed: 2513041272165696870

2 Anunax the Stinger (level 1, 0/9 HPs)
             Began as a Spriggan Venom Mage on Mar 5, 2022.
             Frozen to death by an endoplasm (5 damage)
             ... in the Dungeon (Sprint IX: "|||||||||||||||||||||||||||||").
             The game lasted 00:00:35 (26 turns).

Anunax the Stinger (Spriggan Venom Mage)              Turns: 26, Time: 00:00:36

Health: 0/9        AC:  2    Str:  4    XL:     1   Next: 33%
Magic:  0/5        EV: 17    Int: 16    God:
Gold:   0          SH:  0    Dex: 15    Spells: 5/6 levels left

rFire   . . .      SeeInvis +   (weapon restricted)
rCold   . . .      Faith    .   (no shield)
rNeg    . . .      Spirit   .   a - +0 robe
rPois   .          Reflect  .   (helmet restricted)
rElec   .          Harm     .   (no cloak)
rCorr   .          Rampage  .   (gloves unavailable)
Will    .....      NoTele   +   (boots unavailable)
Stlth   ++........              (no amulet)
HPRegen 0.03/turn               (no ring)
MPRegen 0.09/turn               (no ring)

@: very quick
A: very small, no large weapons, unfitting armour, see invisible, speed 3
a: no special abilities


You were in the Dungeon.
You visited 1 branch

Inventory:

Armour
 a - a +0 robe (worn)
Scrolls
 g - a scroll of blinking
Potions
 b - a potion of curing
 c - a potion of heal wounds
 d - a potion of haste
 e - 2 potions of magic
 f - a potion of berserk rage


   Skills:
 + Level 3.0 Dodging
 + Level 3.2 Stealth
 + Level 3.1 Spellcasting
 + Level 1.5 Transmutations
 + Level 3.6 Poison Magic


You had 5 spell levels left.
You knew the following spells:

 Your Spells              Type           Power      Damage    Failure   Level
a - Sting                 Tmut/Pois      40%        1d5       6%          1

Your spell library contained the following spells:

 Spells                   Type           Power      Damage    Failure   Level
 Poisonous Vapours        Pois/Air       16%        N/A       13%         2
 Mephitic Cloud           Conj/Pois/Air  6%         N/A       34%         3
 Olgreb's Toxic Radiance  Pois           14%        N/A       38%         4


Dungeon Overview and Level Annotations

Branches:
Dungeon (1/1)

Altars:


Innate Abilities, Weirdness & Mutations

You are very small and have problems with some larger weapons.
You are too small for most types of armour.
You have supernaturally acute eyesight. (SInv)
You cover ground extremely quickly. (Speed+++)


Message History

Confirm with . or Enter, or press ? or * to list all spells.
Aiming: Sting (safe; 7% risk of failure)
Press: ? - help, Shift-Dir - straight line, f/p - bat
Aim: a bat (severely wounded, poisoned, 57% to hit)
The sting hits the bat.
The bat looks even sicker.
You kill the bat!
The bat completely misses you. The bat closely misses you.
Your Spellcasting skill increases to level 3!
There is a staircase leading out of the dungeon here.
The bat misses you.
You hit the bat but do no damage. The bat completely misses you.
You closely miss the bat. The bat hits you.
The bat hits you but does no damage.
You hit the bat but do no damage. The bat closely misses you.
You barely miss the bat. The bat hits you. The bat closely misses you.
You barely miss the bat. The bat closely misses you.
The bat hits you but does no damage.
You barely miss the bat. The bat completely misses you.
You hit the bat but do no damage. The bat hits you but does no damage.
You miss the bat. Your punch misses the bat. The bat completely misses you.
Casting: Sting (safe; 7% risk of failure)
Confirm with . or Enter, or press ? or * to list all spells.
Aiming: Sting (safe; 7% risk of failure)
Press: ? - help, Shift-Dir - straight line, f - bat
Aim: a bat (57% to hit)
The sting hits the bat.
The bat is poisoned.
The bat is severely wounded.
You kill the bat!
Your Dodging skill increases to level 3!
There is a staircase leading out of the dungeon here.
Casting: Sting (safe; 6% risk of failure)
Confirm with . or Enter, or press ? or * to list all spells.
You don't have enough magic to cast this spell.
Unknown command.
The endoplasm hits you. The endoplasm closely misses you.
The endoplasm freezes you.
You are frozen.
Ouch! That really hurt!
You die...

▓▓▓
▓@▓
▓J▓
▓S▓
▓†▓
▓'▓
▓.▓
▓.▓
▓.▓
▓.▓


You could see an endoplasm and a ball python.

Vanquished Creatures
  A hobgoblin (D)
  2 bats (D)
3 creatures vanquished.

Notes
Turn   | Place    | Note
-------+----------+-------------------------------------------
     0 | D        | Anunax the Spriggan Venom Mage began the quest for the Orb.
     0 | D        | Reached XP level 1. HP: 9/9 MP: 5/5
    26 | D        | Frozen to death by an endoplasm

Illustrated notes

Levels and vault maps discovered:
D:        linesprint [early_d, line_temple, items_1, d_10, items_2, lair_1,
          lair_end, items_3, orc_1, orc_end, items_4, d_15, swamp_1, shoals_1,
          snake_1, spider_1, d_20, vaults_1, items_5, swamp_end, shoals_end,
          snake_end, spider_end, vaults_end, d_27, items_6, zot_1, zot_end,
          crypt_end, forest_end, elf_end, slime_end, tomb_end, abyss_end,
          pan_hell_end]

Skill      XL: |  1 |
---------------+----+-----
Spellcasting   | 3 |  3.1
Dodging        | 3 |  3.0
Stealth        | |  3.2
Transmutations | |  1.5
Poison Magic   | |  3.6

Action                   || total
-------------------------++-------
Melee: Unarmed           ||     8
 Cast: Sting             ||     6
Armor: Robe              ||     3
Dodge: Dodged            ||    12

Table legend: (Time is in decaauts)
 A = Elapsed time spent in this place.
 B = Non-inter-level travel time spent in this place.
 C = Inter-level travel time spent in this place.
 D = Time resting spent in this place.
 E = Time spent auto-exploring this place.
 F = Levels seen in this place.
 G = Mean time per level.
                   A        B        C        D        E       F      G
               +--------+--------+--------+--------+--------+-----+--------+
         Total |     22 |     22 |      0 |      0 |      1 |   1 |   22.0 |
       Dungeon |     22 |     22 |      0 |      0 |      1 |   1 |   22.0 |
               +--------+--------+--------+--------+--------+-----+--------+

Top non-repeatable levels by time:
       D: 22 daAuts
